 Dungeon Crawl Stone Soup version 0.31-a0-750-gfe7b580527 (webtiles) character file.

Game seed: 9394544669304781806

93 Dirtsage the Chopper (level 4, -1/52 HPs)
             Began as a Demonspawn Berserker on Sept 15, 2023.
             Was a Believer of Trog.
             Constricted to death by Ijyb (3 damage)
             ... on level 3 of the Dungeon.
             The game lasted 00:02:56 (2021 turns).

Dirtsage the Chopper (Demonspawn Berserker)         Turns: 2021, Time: 00:02:57

Health: -1/52      AC:  5    Str: 20    XL:     4   Next: 37%
Magic:  4/4        EV:  8    Int:  8    God:    Trog [**....]
Gold:   112        SH:  0    Dex: 12    Spells: 3/3 levels left

rFire   . . .        a - +0 hand axe
rCold   . . .        (no shield)
rNeg    . . .        o - +0 ring mail
rPois   .            (no helmet)
rElec   .            (no cloak)
rCorr   .            (no gloves)
SInv    .            (no boots)
Will    .....        (no amulet) Stlth
                     (no ring)
HPRegen 0.28/turn    (no ring)
MPRegen 0.09/turn

%: no passive effects
@: berserking (expiring), grasped by roots, constricted, very quick
A: powered by death 1, powered by pain 1
a: Renounce Religion, Berserk, Trog's Hand


You were on level 3 of the Dungeon.
You worshipped Trog.
Trog was pleased with you.
You visited 1 branch of the dungeon, and saw 3 of its levels.

You collected 112 gold pieces.

Inventory:

Hand Weapons
 a - a +0 hand axe (weapon)
Missiles
 n - a throwing net
Armour
 i - a +0 tower shield
 o - a +0 ring mail (worn)
Scrolls
 c - a scroll of noise {unknown}
 f - 2 scrolls of blinking {unknown}
 h - 2 scrolls of identify {unknown}
 j - a scroll of immolation {unknown}
 l - a scroll of fog {unknown}
 m - a scroll of poison {unknown}
Potions
 b - a potion of cancellation {unknown}
 d - a potion of degeneration {unknown}
 e - a potion of attraction {unknown}
 g - a potion of heal wounds {unknown}
 k - a potion of curing {unknown}


   Skills:
 - Level 3.0 Fighting
 + Level 4.8 Axes
 - Level 1.7 Armour
 - Level 1.7 Dodging


You had 3 spell levels left.
You didn't know any spells.
Your spell library was empty.

Dungeon Overview and Level Annotations

Branches:
Dungeon (3/15)

Altars:
Qazlal
Yredelemnul

Annotations:
D:3 1 runed translucent door, Ijyb


Innate Abilities, Weirdness & Mutations

You regenerate a little health from kills.
You sometimes gain a little power by taking damage.


Message History

You take 6 damage, and have 23/52 hp.
You closely miss Ijyb. Ijyb hits you with a +0 club.
The grasping roots constrict you.
You take 5 damage, and have 18/52 hp.
You hit Ijyb.
Ijyb is moderately wounded.
You feel sick.
The grasping roots release their grip on you.
You closely miss Ijyb.
Ijyb is moderately wounded.
You feel sick.
Ijyb zaps a wand.
The roots erupt in riotous growth!
The grasping roots grab you!
Ijyb is unaffected.
The grasping roots constrict you.
* * * LOW HITPOINT WARNING * * *
You take 4 damage, and have 14/52 hp.
You closely miss Ijyb.
Ijyb is moderately wounded.
Ijyb hits you with a +0 club.
* * * LOW HITPOINT WARNING * * *
The grasping roots constrict you.
* * * LOW HITPOINT WARNING * * *
A frilled lizard comes into view.
You take 8 damage, and have 6/52 hp.
You are too berserk!
You slash Ijyb!
Ijyb is severely wounded.
You completely miss the ball python.
You feel sick. The ball python closely misses you.
You take 1 damage, and have 5/52 hp.
You closely miss Ijyb.
Ijyb is severely wounded.
You slash the ball python!
You kill the ball python!
Trog accepts your kill.
You feel sick.
You are no longer poisoned.
Ijyb hits you with a +0 club.
* * * LOW HITPOINT WARNING * * *
The grasping roots constrict you.
You die...

. #### .. ##
...#...
#.####.#.....
#....†..#..#
##..@g.......
#.#.†######..#
#..l.........#
......#..#.###.##
####..#.###.#
.##..
##.##.#.###....
...........# #.
.........#.# ##.
.#.###.#.#.# #..
#.


You could see Ijyb and a frilled lizard.

Vanquished Creatures
  2 adders
  A worm (D:3)
  3 dart slugs
  An orc (D:2)
  5 ball pythons
  3 endoplasms
  A giant cockroach (D:1)
  5 goblins
  7 hobgoblins
  10 jackals
  3 bats
  4 frilled lizards
  A goblin skeleton (D:3)
  A goblin zombie (D:3)
  A jackal zombie (D:3)
  8 kobolds
  6 rats
62 creatures vanquished.

Notes
Turn   | Place    | Note
-------+----------+-------------------------------------------
     0 | D:1      | Dirtsage the Demonspawn Berserker began the quest for the
                  | Orb.
     0 | D:1      | Reached XP level 1. HP: 18/18 MP: 1/1
   153 | D:1      | Reached skill level 3 in Axes
   163 | D:1      | Gained mutation: You sometimes gain a little power by
                  | taking damage. [demonic ancestry]
   163 | D:1      | Reached XP level 2. HP: 6/24 MP: 2/2
   511 | D:1      | Reached XP level 3. HP: 22/29 MP: 3/3
   784 | D:1      | Reached skill level 4 in Axes
   872 | D:2      | Found a stormy altar of Qazlal.
   965 | D:2      | Reached ** piety under Trog
  1665 | D:2      | Gained mutation: You regenerate a little health from kills.
                  | [demonic ancestry]
  1665 | D:2      | Reached XP level 4. HP: 34/35 MP: 4/4
  1950 | D:3      | Found a runed translucent door.
  1950 | D:3      | Noticed a human
  1960 | D:3      | Found a basalt altar of Yredelemnul.
  2007 | D:3      | Noticed Ijyb
  2021 | D:3      | HP: 2/52 [Ijyb/+0 club (3)]
  2021 | D:3      | Constricted to death by Ijyb

Illustrated notes

Levels and vault maps discovered:
D:1:      psy_arrival_statuary, layout_rooms
D:2:      layout_basic, basic_altar, minmay_misc_feat_roman, minmay_box_of_dots
D:3:      layout_loops_ring, mainiacjoe_overflow_alcove_2,
          dk_yredelemnul_ordeal, nicolae_qazlal_general_emergency, uniq_ijyb

Skill      XL: |  1  2  3 |
---------------+----------+-----
Axes           | 3 4 |  4.8
Fighting       | |  3.0
Armour         | |  1.7
Dodging        | |  1.7

Action                     |  1- 3 |  4- 6 || total
---------------------------+-------+-------++-------
  Melee: Hand axe          |   158 |    46 ||   204
         Punch             |       |     1 ||     1
 Invoke: Berserk           |     3 |     1 ||     4
   Stab: Sleeping          |     1 |       ||     1
 Armour: Animal skin       |    42 |       ||    42
         Leather armour    |    52 |     3 ||    55
         Ring mail         |       |    14 ||    14
  Dodge: Dodged            |    95 |    27 ||   122

Table legend: (Time is in decaauts)
 A = Elapsed time spent in this place.
 B = Non-inter-level travel time spent in this place.
 C = Inter-level travel time spent in this place.
 D = Time resting spent in this place.
 E = Time spent auto-exploring this place.
 F = Levels seen in this place.
 G = Mean time per level.
                   A        B        C        D        E       F      G
               +--------+--------+--------+--------+--------+-----+--------+
         Total |   2062 |   2021 |     41 |    242 |   1377 |   3 |  687.3 |
       Dungeon |   2062 |   2021 |     41 |    242 |   1377 |   3 |  687.3 |
               +--------+--------+--------+--------+--------+-----+--------+

Top non-repeatable levels by time:
     D:2: 990 daAuts
     D:1: 876 daAuts
     D:3: 194 daAuts
